AoeStats
← eyupfc

Nomad

507529382Analyzed
2v2 RM · 14d ago on Sep 18, 2026· 43m 8s· 4 players
Game mode
Random Map
Map size
176×176
Population
200
Speed
Normal
Resources
Standard
Victory
Conquest
Starting age
Dark Age
Ending age
Imperial Age
RankedLock teamsTeams togetherTeam positionsShared explorationLock speedFull tech treeHidden civsTurbo modeCheats
Victory
Defeat
🇹🇷 Huns · Türkiye
1171
+15
🇹🇷 Khitans · Türkiye
1130
+16
🇨🇳 Inca · China
1243
-20
🇨🇳 Chinese · China
1039
-11
Ubeydullah
6:20 Loom
14:20 Feudal Age
20:26 Castle Age
19:54 Double-Bit Axe
22:06 Stone Mining
24:02 Stone Shaft Mining
25:38 Gold Mining
35:30 Forging
35:22 Scale Mail Armor
37:50 Wheelbarrow
39:57 Imperial Age
38:07 Wheelbarrow
38:06 Chain Mail Armor
40:44 Elite Liao Dao
41:59 Plate Mail Armor
42:05 Iron Casting
41:40 Capped Ram
eyupfc
3:58 Loom
13:20 Feudal Age
14:08 Double-Bit Axe
14:30 Horse Collar
20:11 Bloodlines
20:12 Scale Barding Armor
20:18 Forging
24:24 Castle Age
24:10 Fletching
25:48 Bow Saw
25:40 Heavy Plow
26:32 Wheelbarrow
28:22 Bodkin Arrow
34:44 Bodkin Arrow
34:49 Padded Archer Armor
34:42 Gold Mining
38:31 Leather Archer Armor
39:25 Ballistics
39:01 Murder Holes
42:08 Thumb Ring
w
17:19 Feudal Age
19:04 Wheelbarrow
18:29 Double-Bit Axe
23:07 Stone Mining
29:14 Castle Age
28:24 Gold Mining
29:48 Padded Archer Armor
29:38 Fletching
31:19 Bow Saw
33:24 Loom
34:25 Gold Shaft Mining
34:26 Stone Shaft Mining
35:59 Hand Cart
36:46 Medium Warships
36:59 Medium Warships
37:48 Fishing Lines
38:00 Crossbowman
38:45 Thumb Ring
39:46 Leather Archer Armor
39:27 Bodkin Arrow
42:15 Imperial Age
40:39 Ballistics
40:40 Great Wall
run
4:45 Loom
14:15 Feudal Age
18:23 Castle Age
17:36 Double-Bit Axe
17:32 Horse Collar
19:04 Fishing Lines
19:57 Bow Saw
19:47 Heavy Plow
20:15 Gold Mining
25:40 Scale Mail Armor
25:50 Forging
31:37 Gillnets
35:32 Stone Mining
36:18 Gold Shaft Mining
38:17 Imperial Age
35:33 Town Watch
40:28 Wheelbarrow
40:51 Conscription
Connection lost

Rejoining the realm…

Still unreachable

The connection could not be restored.

Session expired

The server has moved on; the page needs a fresh start.